[Event "ICC tourney 2398 (75 10)"]
[Site "Internet Chess Club"]
[Date "2021.02.20"]
[Round "1"]
[White "Laine23"]
[Black "HR2005"]
[Result "1/2-1/2"]
[ICCResult "Game drawn by mutual agreement"]
[WhiteElo "1920"]
[BlackElo "2060"]
[Opening "Sicilian: Canal-Sokolsky (Nimzovich-Rossolimo, Moscow) attack"]
[ECO "B51"]
[NIC "SI.01"]
[Time "11:04:20"]
[PlyCount "66"]
[TimeControl "4500+10"]

1. e4 c5 2. Nf3 d6 3. Bb5+ Nd7 4. O-O Nf6 5. Re1 a6 6. Bf1 g6 7. d4 cxd4 8.
Nxd4 Bg7 9. c3 O-O 10. f3 b5 11. Be3 Bb7 12. Nd2 Rc8 13. a4 bxa4 14. Qxa4
d5 15. exd5 Nxd5 16. Bg5 Nc5 17. Qa5 Bxd4+ 18. cxd4 Ne6 19. Ne4 Nxd4 20.
Red1 Ne6 21. Bh6 Re8 22. Qxd8 Rexd8 23. Bxa6 Rb8 24. Nc3 Nxc3 25. Rxd8+
Nxd8 26. Bxb7 Ne2+ 27. Kf2 Nd4 28. Be4 f5 29. Bd5+ e6 30. Bc4 Rxb2+ 31. Kg3
Kf7 32. Ra8 N4c6 33. Bg5 Rb4 { Game drawn by mutual agreement } 1/2-1/2

[Event "ICC tourney 2398 (75 10)"]
[Site "Internet Chess Club"]
[Date "2021.02.20"]
[Round "1"]
[White "GeorgeDai"]
[Black "Heliosis"]
[Result "1-0"]
[ICCResult "Black resigns"]
[WhiteElo "2078"]
[BlackElo "1922"]
[Opening "Queen's Indian: Petrosian system"]
[ECO "E12"]
[NIC "QI.04"]
[Time "11:04:23"]
[PlyCount "53"]
[TimeControl "4500+10"]

1. d4 Nf6 2. Nf3 e6 3. c4 b6 4. a3 Bb7 5. Nc3 d5 6. cxd5 exd5 7. Bg5 h6 8.
Bh4 Be7 9. e3 O-O 10. Bd3 c5 11. dxc5 bxc5 12. O-O d4 13. exd4 cxd4 14.
Nxd4 Nc6 15. Nf5 Ne5 16. Nxe7+ Qxe7 17. Be4 Rad8 18. Qa4 g5 19. Bxb7 Qxb7
20. Bg3 Nd3 21. Rab1 h5 22. h4 g4 23. Qa5 Nd5 24. Rfd1 N5f4 25. Bxf4 f5 26.
Bg5 Rd4 27. Qb5 { Black resigns } 1-0

[Event "ICC tourney 2398 (75 10)"]
[Site "Internet Chess Club"]
[Date "2021.02.20"]
[Round "1"]
[White "Mapking1"]
[Black "MARMAYOGI11"]
[Result "1/2-1/2"]
[ICCResult "Game drawn by mutual agreement"]
[WhiteElo "1979"]
[BlackElo "2141"]
[Opening "Ruy Lopez: 5.O-O"]
[ECO "C78"]
[NIC "RL.12"]
[Time "11:04:31"]
[PlyCount "81"]
[TimeControl "4500+10"]

1. e4 e5 2. Nf3 Nc6 3. Bb5 a6 4. Ba4 Nf6 5. O-O b5 6. Bb3 Bc5 7. c3 d6 8.
d4 Bb6 9. a4 Rb8 10. axb5 axb5 11. Qd3 Bd7 12. Bg5 h6 13. Bxf6 Qxf6 14. Rd1
O-O 15. Na3 Bg4 16. Nxb5 Bxf3 17. Qxf3 Qxf3 18. gxf3 exd4 19. cxd4 Nxd4 20.
Nxd4 Bxd4 21. Rxd4 Rxb3 22. Rc1 Rxf3 23. Rxc7 Rb8 24. Kg2 Rf6 25. b4 Rb5
26. Rc6 Kf8 27. Rcxd6 Rxd6 28. Rxd6 Rxb4 29. f3 Ke7 30. Ra6 g6 31. Kg3 Rb5
32. h4 Kf8 33. Kf4 Kg7 34. e5 Rb4+ 35. Kg3 h5 36. f4 Rb3+ 37. Kg2 Re3 38.
Rb6 Kf8 39. Ra6 Ke7 40. Rb6 Rc3 41. Ra6 { Game drawn by mutual agreement }
1/2-1/2

[Event "ICC tourney 2398 (75 10)"]
[Site "Internet Chess Club"]
[Date "2021.02.20"]
[Round "1"]
[White "Baseballchamp"]
[Black "SuperPuzzler"]
[Result "1-0"]
[ICCResult "Black resigns"]
[WhiteElo "1904"]
[BlackElo "2042"]
[Opening "Sicilian: Alapin's variation (2.c3)"]
[ECO "B22"]
[NIC "SI.46"]
[Time "11:04:21"]
[PlyCount "115"]
[TimeControl "4500+10"]

1. e4 c5 2. c3 d5 3. exd5 Qxd5 4. Nf3 g6 5. d4 Bg7 6. Na3 Bg4 7. Bc4 Qe4+
8. Be3 Nh6 9. Qb3 e6 10. Nb5 O-O 11. O-O-O Qc6 12. d5 exd5 13. Rxd5 Na6 14.
Rd6 Qc8 15. Bg5 Bd7 16. Rhd1 Bc6 17. Bd5 Nf5 18. Bxf7+ Kh8 19. Be6 Qe8 20.
Rd8 Rxd8 21. Rxd8 Qxd8 22. Bxd8 Rxd8 23. a4 Bh6+ 24. Kb1 Be4+ 25. Ka1 Bf4
26. Qc4 Rd1+ 27. Ka2 Bb1+ 28. Ka3 Bb8 29. Qe2 Rd8 30. Ng5 Re8 31. Qd1 Bf4
32. Qxb1 Bxg5 33. Bxf5 gxf5 34. Qxf5 Bh6 35. Qd7 Rb8 36. Nc7 Bf8 37. Nxa6
bxa6 38. Qxa7 c4+ 39. Ka2 Rc8 40. Qxa6 Rc7 41. Qb6 Rg7 42. Qd4 Kg8 43.
Qxc4+ Kh8 44. Qd5 Rg6 45. a5 Rf6 46. Qd4 Bg7 47. b4 Rf8 48. Qc5 Re8 49. Kb3
h6 50. a6 Re1 51. a7 Rb1+ 52. Kc2 Ra1 53. Qc8+ Kh7 54. a8=Q Rxa8 55. Qxa8
h5 56. b5 h4 57. b6 h3 58. g3 { Black resigns } 1-0

[Event "ICC tourney 2398 (75 10)"]
[Site "Internet Chess Club"]
[Date "2021.02.20"]
[Round "1"]
[White "Yucheng"]
[Black "mr-sosa"]
[Result "0-1"]
[ICCResult "White resigns"]
[WhiteElo "1926"]
[BlackElo "2086"]
[Opening "QGD semi-Slav: Meran, 8...a6"]
[ECO "D48"]
[NIC "SL.09"]
[Time "11:04:25"]
[PlyCount "58"]
[TimeControl "4500+10"]

1. d4 d5 2. c4 c6 3. Nf3 Nf6 4. e3 e6 5. Nc3 Nbd7 6. Bd3 dxc4 7. Bxc4 b5 8.
Bd3 a6 9. O-O c5 10. dxc5 Bxc5 11. Ne4 O-O 12. Nxc5 Nxc5 13. Bc2 Qc7 14. b3
Bb7 15. Ba3 Rfd8 16. Qe2 Nce4 17. Bxe4 Nxe4 18. Rac1 Qa5 19. Be7 Rd7 20.
Bc5 b4 21. Bd4 Nc3 22. Bxc3 bxc3 23. Rfd1 Rxd1+ 24. Qxd1 Rd8 25. Qc2 h6 26.
Nd4 e5 27. Ne2 Rd2 28. Qxc3 Qd5 29. Kf1 Rd1+ { White resigns } 0-1

[Event "ICC tourney 2398 (75 10)"]
[Site "Internet Chess Club"]
[Date "2021.02.20"]
[Round "1"]
[White "Lonestarpawn"]
[Black "hpawnbomb"]
[Result "0-1"]
[ICCResult "White resigns"]
[WhiteElo "2011"]
[BlackElo "2188"]
[Opening "Ruy Lopez: closed defense"]
[ECO "C84"]
[NIC "RL.13"]
[Time "11:04:22"]
[PlyCount "102"]
[TimeControl "4500+10"]

1. e4 e5 2. Nf3 Nc6 3. Bb5 a6 4. Ba4 Nf6 5. O-O Be7 6. d3 b5 7. Bb3 d6 8.
h3 Na5 9. c3 Nxb3 10. Qxb3 O-O 11. Be3 c5 12. Nbd2 h6 13. Rfd1 Be6 14. Qc2
Rc8 15. Nf1 Re8 16. Ng3 Bf8 17. Qd2 Qc7 18. d4 c4 19. a4 Ra8 20. a5 Kh7 21.
Qc2 g6 22. Nd2 g5 23. Nf3 Bg7 24. dxe5 dxe5 25. Nxe5 Qxe5 26. Bd4 Qf4 27.
e5+ Kg8 28. exf6 Bf8 29. Re1 Bd5 30. Nh5 Qh4 31. Ng7 Bxg7 32. fxg7 Be4 33.
Qd2 f5 34. f3 Bd3 35. Re3 Red8 36. Bf6 Rd6 37. Be5 Re6 38. Rae1 f4 39. Re4
Rae8 40. Bf6 Bxe4 41. Rxe4 Qh5 42. Qd5 Qf7 43. Bd4 Rxe4 44. fxe4 Qxd5 45.
exd5 Rd8 46. Kf2 Rxd5 47. Kf3 Rd7 48. Ke4 Re7+ 49. Kf5 Re2 50. Kg6 Rxb2 51.
Kxh6 Rxg2 { White resigns } 0-1

[Event "ICC tourney 2398 (75 10)"]
[Site "Internet Chess Club"]
[Date "2021.02.20"]
[Round "1"]
[White "Slivovitz"]
[Black "KittiesRock18"]
[Result "1/2-1/2"]
[ICCResult "Game drawn by mutual agreement"]
[WhiteElo "2055"]
[BlackElo "1916"]
[Opening "Réti opening"]
[ECO "A04"]
[NIC "QP.10"]
[Time "11:04:26"]
[PlyCount "68"]
[TimeControl "4500+10"]

1. Nf3 c5 2. g3 d6 3. Bg2 Nc6 4. c4 Nf6 5. Nc3 g6 6. b3 Bg7 7. Bb2 O-O 8.
O-O Bf5 9. d3 Nd7 10. e4 Bg4 11. h3 Bxf3 12. Bxf3 Bd4 13. Kg2 Qc7 14. Nd5
Qd8 15. Bxd4 Nxd4 16. Be2 e6 17. Ne3 Qc7 18. Nc2 Nxc2 19. Qxc2 Ne5 20. f4
Nc6 21. f5 exf5 22. exf5 Nd4 23. Qd2 Nxe2 24. Qxe2 Rae8 25. Qf3 Re5 26.
fxg6 hxg6 27. Rae1 Rfe8 28. Rxe5 Rxe5 29. Rf2 Qe7 30. g4 f5 31. Qf4 fxg4
32. hxg4 d5 33. Qh6 Qg7 34. Qxg7+ Kxg7 { Game drawn by mutual agreement }
1/2-1/2

[Event "ICC tourney 2398 (75 10)"]
[Site "Internet Chess Club"]
[Date "2021.02.20"]
[Round "1"]
[White "AveryLucasNY"]
[Black "Mrpeetapizza"]
[Result "1/2-1/2"]
[ICCResult "Game drawn by mutual agreement"]
[WhiteElo "2014"]
[BlackElo "1896"]
[Opening "Grünfeld: Stockholm variation"]
[ECO "D80"]
[NIC "GI.03"]
[Time "11:04:21"]
[PlyCount "68"]
[TimeControl "4500+10"]

1. d4 Nf6 2. c4 g6 3. Nc3 d5 4. Bg5 dxc4 5. e4 Bg7 6. Nf3 O-O 7. h3 c5 8.
d5 a6 9. a4 Qa5 10. Nd2 h6 11. Nxc4 Qc7 12. Bxf6 Bxf6 13. d6 Bxc3+ 14. bxc3
exd6 15. Qxd6 Qxd6 16. Nxd6 Nc6 17. Bc4 Ne5 18. Bd5 Rb8 19. O-O Be6 20. f4
Bxd5 21. exd5 Nd7 22. Rab1 b6 23. Nc4 b5 24. axb5 axb5 25. Ne5 Nf6 26. d6
Rb6 27. Rfd1 Rd8 28. d7 Rb7 29. Rd6 Kg7 30. Rbd1 b4 31. cxb4 cxb4 32. Rc6
Nxd7 33. Rcd6 b3 34. Nxd7 b2 { Game drawn by mutual agreement } 1/2-1/2

[Event "ICC tourney 2398 (75 10)"]
[Site "Internet Chess Club"]
[Date "2021.02.20"]
[Round "1"]
[White "atharvajaeel"]
[Black "sirking2800"]
[Result "1-0"]
[ICCResult "Black resigns"]
[WhiteElo "2150"]
[BlackElo "2005"]
[Opening "King's Indian: fianchetto, Uhlmann (Szabo) variation"]
[ECO "E62"]
[NIC "KI.72"]
[Time "11:04:32"]
[PlyCount "93"]
[TimeControl "4500+10"]

1. d4 Nf6 2. c4 g6 3. g3 Bg7 4. Bg2 O-O 5. Nc3 d6 6. Nf3 Nc6 7. O-O e5 8.
dxe5 Nxe5 9. Nd2 Rb8 10. b3 Bd7 11. Qc2 Qc8 12. Re1 Bh3 13. Bh1 Qg4 14. Bb2
Qh5 15. Nf3 Bf5 16. Qd2 Bh6 17. Qd4 Nfg4 18. h4 Nc6 19. Qd1 Rfe8 20. Nd5
Be4 21. Nh2 Bxd5 22. cxd5 Nce5 23. Nf1 g5 24. f3 Ne3 25. Nxe3 gxh4 26. Nf1
hxg3 27. Qd4 f6 28. Bc1 Bg7 29. Bf4 f5 30. Qd2 Ng6 31. Rac1 Nxf4 32. Qxf4
Bh6 33. Qc4 Bxc1 34. Qxc1 Re7 35. Qf4 Rg7 36. Bg2 Kh8 37. Rc1 Re8 38. Rc2
Re5 39. e4 h6 40. Nxg3 Qg5 41. Qxg5 hxg5 42. Nxf5 Rh7 43. Nd4 a6 44. Kf2
Kg8 45. Kg3 Rhe7 46. Bh3 Kf7 47. Nf5 { Black resigns } 1-0

[Event "ICC tourney 2398 (75 10)"]
[Site "Internet Chess Club"]
[Date "2021.02.20"]
[Round "1"]
[White "drberkley"]
[Black "investigator"]
[Result "0-1"]
[ICCResult "White resigns"]
[WhiteElo "1955"]
[BlackElo "2098"]
[Opening "Pirc: Austrian attack, 6.Bd3"]
[ECO "B07"]
[NIC "PU.02"]
[Time "11:04:22"]
[PlyCount "122"]
[TimeControl "4500+10"]

1. e4 d6 2. Nc3 Nf6 3. f4 g6 4. Nf3 Bg7 5. d4 O-O 6. Bd3 Na6 7. O-O c5 8.
d5 Bg4 9. h3 Bxf3 10. Qxf3 Nc7 11. Bd2 a6 12. a4 Rb8 13. a5 b5 14. axb6
Rxb6 15. b3 e6 16. Rfe1 Qa8 17. Bc4 Qc8 18. Ra2 Re8 19. Qd3 exd5 20. exd5
Rxe1+ 21. Bxe1 Qe8 22. Bd2 Nb5 23. Bxb5 axb5 24. Ra5 b4 25. Na4 Rb8 26. Ra6
Ne4 27. Be3 f5 28. Nb6 Qd8 29. Nc4 Ra8 30. Nxd6 Rxa6 31. Qxa6 Qxd6 32. Qxd6
Nxd6 33. Bxc5 Nb5 34. Bxb4 Kf7 35. c4 Nd4 36. Kf2 Nxb3 37. Ke3 Ke8 38. Bd6
Kd7 39. Be5 Bf8 40. g4 Bb4 41. Kd3 Nc5+ 42. Kd4 Ne4 43. gxf5 gxf5 44. Bb8
Kc8 45. Be5 Kb7 46. h4 h5 47. Kd3 Be7 48. Ke2 Bxh4 49. Bd4 Be7 50. Be3 Ka6
51. Kd3 Bd6 52. Ke2 Ka5 53. Kd3 Kb4 54. Bc1 h4 55. Ke2 Kxc4 56. Kf3 h3 57.
Be3 Kxd5 58. Bg1 Kc4 59. Bh2 Kd3 60. Bg1 Bc7 61. Ba7 Bxf4 { White resigns }
0-1

[Event "ICC tourney 2398 (75 10)"]
[Site "Internet Chess Club"]
[Date "2021.02.20"]
[Round "1"]
[White "ShadowApt"]
[Black "runtilmorrow1"]
[Result "0-1"]
[ICCResult "White resigns"]
[WhiteElo "2090"]
[BlackElo "1939"]
[Opening "Sicilian: closed, 2...Nc6"]
[ECO "B23"]
[NIC "SI.44"]
[Time "11:04:47"]
[PlyCount "134"]
[TimeControl "4500+10"]

1. e4 c5 2. Nc3 Nc6 3. Bb5 Nd4 4. Nf3 g6 5. Nxd4 cxd4 6. Ne2 Bg7 7. c3 e5
8. O-O Ne7 9. Kh1 a6 10. Ba4 d3 11. Ng3 h5 12. Re1 h4 13. Nf1 h3 14. g3 b5
15. Bb3 Bb7 16. Qf3 f5 17. Kg1 Rf8 18. Qxd3 fxe4 19. Rxe4 Bxe4 20. Qxe4 d5
21. Qe2 Qb6 22. d4 Qf6 23. Ne3 Qe6 24. dxe5 Qxe5 25. Qg4 Qf6 26. Qe2 O-O-O
27. a4 d4 28. cxd4 Rxd4 29. Bd2 b4 30. Nc2 Re4 31. Ne3 Qb6 32. Rc1+ Kb8 33.
Qf1 Bd4 34. Rc4 Bxe3 35. Rxe4 Rxf2 36. Bxe3 Rxf1+ 37. Kxf1 Qf6+ 38. Bf4+
Kb7 39. Rxb4+ Kc6 40. Rc4+ Kd7 41. Rc7+ Kd8 42. Rc5 Qxb2 43. Bc2 Qa1+ 44.
Ke2 Qg1 45. Be3 Qxh2+ 46. Bf2 Qg2 47. Rc4 h2 48. Be4 Qh3 49. Bh1 Nf5 50.
Rc3 Qg4+ 51. Kf1 Nd4 52. Kg2 Ne2 53. Rd3+ Kc8 54. Re3 Nf4+ 55. Kxh2 Qh5+
56. Kg1 Nh3+ 57. Kf1 Nxf2 58. Rc3+ Kd8 59. Bf3 Qe5 60. Rc2 Nd3 61. Be2 Qxg3
62. Bd1 Qe1+ 63. Kg2 Qxd1 64. Rc6 Nf4+ 65. Kg3 g5 66. Rxa6 Qd3+ 67. Kg4
Qxa6 { White resigns } 0-1

[Event "ICC tourney 2398 (75 10)"]
[Site "Internet Chess Club"]
[Date "2021.02.20"]
[Round "2"]
[White "Heliosis"]
[Black "Lonestarpawn"]
[Result "0-1"]
[ICCResult "White checkmated"]
[WhiteElo "1922"]
[BlackElo "2011"]
[Opening "Ruy Lopez: closed, anti-Marshall 8.a4"]
[ECO "C88"]
[NIC "RL.18"]
[Time "14:31:20"]
[PlyCount "62"]
[TimeControl "4500+10"]

1. e4 e5 2. Nf3 Nc6 3. Bb5 a6 4. Ba4 Nf6 5. O-O b5 6. Bb3 Be7 7. Re1 O-O 8.
a4 b4 9. d4 exd4 10. e5 Ne8 11. Bd5 Rb8 12. Nxd4 Nxd4 13. Qxd4 c5 14. Qe4
Nc7 15. Bc4 d5 16. exd6 Bxd6 17. Be3 Bb7 18. Qd3 Qf6 19. Nd2 Rbd8 20. Ne4
Bxh2+ 21. Kf1 Qg6 22. Qe2 Qxe4 23. f3 Qh4 24. Bxc5 Bg3 25. Red1 Rde8 26.
Qd3 Qh1+ 27. Bg1 Bh2 28. Qd4 Rd8 29. Qxd8 Qxg1+ 30. Ke2 Qxg2+ 31. Ke1 Bg3#
{ White checkmated } 0-1

[Event "ICC tourney 2398 (75 10)"]
[Site "Internet Chess Club"]
[Date "2021.02.20"]
[Round "2"]
[White "sirking2800"]
[Black "ShadowApt"]
[Result "1-0"]
[ICCResult "Black resigns"]
[WhiteElo "2005"]
[BlackElo "2090"]
[Opening "Sicilian: Najdorf, Opocensky variation"]
[ECO "B92"]
[NIC "SI.11"]
[Time "14:32:12"]
[PlyCount "64"]
[TimeControl "4500+10"]

1. e4 c5 2. Nf3 d6 3. d4 cxd4 4. Nxd4 Nf6 5. Nc3 a6 6. Be2 e5 7. Nb3 Be7 8.
O-O Be6 9. f4 exf4 10. Bxf4 O-O 11. Qe1 Nc6 12. Qg3 b5 13. Bf3 Rc8 14. Nd5
Bxd5 15. exd5 Nb4 16. c3 Nd3 17. Bh6 Ne8 18. Bg4 Rc4 19. Be2 Bh4 20. Qxd3
gxh6 21. Qf3 Rc7 22. Nd4 Ng7 23. g3 Bg5 24. h4 Be7 25. Bd3 Kh8 26. Rae1 Rg8
27. Kh2 Bf8 28. Re2 Qd7 29. Qf6 Qg4 30. Rf4 Qh5 31. g4 Qxd5 32. Rf5 Qb3 {
Black resigns } 1-0

[Event "ICC tourney 2398 (75 10)"]
[Site "Internet Chess Club"]
[Date "2021.02.20"]
[Round "2"]
[White "investigator"]
[Black "Baseballchamp"]
[Result "1-0"]
[ICCResult "Black resigns"]
[WhiteElo "2098"]
[BlackElo "1904"]
[Opening "Réti opening"]
[ECO "A11"]
[NIC "RE.07"]
[Time "14:31:17"]
[PlyCount "91"]
[TimeControl "4500+10"]

1. Nf3 d5 2. c4 c6 3. g3 Nf6 4. Bg2 dxc4 5. Qc2 Bg4 6. Na3 Nbd7 7. Nxc4 Nb6
8. b3 e6 9. O-O Nxc4 10. bxc4 Bd6 11. Bb2 O-O 12. Ng5 e5 13. c5 Bc7 14. d4
exd4 15. Rad1 h6 16. Rxd4 Qc8 17. Ne4 Be5 18. Nd6 Qe6 19. Rd2 Rab8 20. Ba3
Bxd6 21. cxd6 Nd7 22. Rb1 Rfe8 23. Rb3 Bf5 24. Qb2 Nb6 25. d7 Nxd7 26. Rxb7
Nb6 27. Rxb8 Rxb8 28. Rd6 Qc4 29. Rxc6 Qa4 30. Qe5 Qxa3 31. Qxb8+ Kh7 32.
h3 Qa5 33. g4 Qe1+ 34. Kh2 Bd7 35. Be4+ f5 36. Bxf5+ Bxf5 37. Qf4 Bd7 38.
Rc2 Bc8 39. Rxc8 Nxc8 40. Qf5+ g6 41. Qd7+ Kg8 42. Qxc8+ Kg7 43. Qc7+ Kf6
44. Qf4+ Kg7 45. e4 a5 46. e5 { Black resigns } 1-0

[Event "ICC tourney 2398 (75 10)"]
[Site "Internet Chess Club"]
[Date "2021.02.20"]
[Round "2"]
[White "KittiesRock18"]
[Black "AveryLucasNY"]
[Result "1/2-1/2"]
[ICCResult "Game drawn by mutual agreement"]
[WhiteElo "1916"]
[BlackElo "2014"]
[Opening "Caro-Kann: two knights, 3...Bg4"]
[ECO "B10"]
[NIC "CK.01"]
[Time "14:31:26"]
[PlyCount "62"]
[TimeControl "4500+10"]

1. e4 c6 2. Nf3 d5 3. Nc3 Bg4 4. h3 Bxf3 5. Qxf3 e6 6. d4 Nd7 7. Bd3 dxe4
8. Nxe4 Ngf6 9. O-O Nxe4 10. Bxe4 Nf6 11. Bg5 Be7 12. Bxf6 Bxf6 13. c3 O-O
14. Rfe1 Qc7 15. Bd3 Rfd8 16. Re4 c5 17. dxc5 Qxc5 18. Rg4 Qe7 19. Rd1 Rd7
20. Bc2 Rxd1+ 21. Qxd1 g6 22. Qe2 Rd8 23. Qe3 Qd6 24. Qf3 Be5 25. Re4 b6
26. Re1 Qc7 27. Bd3 Bh2+ 28. Kh1 Be5 29. Rd1 Kg7 30. Kg1 Bh2+ 31. Kh1 Be5 {
Game drawn by mutual agreement } 1/2-1/2

[Event "ICC tourney 2398 (75 10)"]
[Site "Internet Chess Club"]
[Date "2021.02.20"]
[Round "2"]
[White "Mrpeetapizza"]
[Black "Mapking1"]
[Result "0-1"]
[ICCResult "White resigns"]
[WhiteElo "1896"]
[BlackElo "1979"]
[Opening "Sicilian: dragon, Yugoslav attack, 7...O-O"]
[ECO "B76"]
[NIC "SI.17"]
[Time "14:31:34"]
[PlyCount "50"]
[TimeControl "4500+10"]

1. e4 c5 2. Nf3 d6 3. d4 cxd4 4. Nxd4 Nf6 5. Nc3 g6 6. Be3 Bg7 7. f3 O-O 8.
Qd2 Nc6 9. h4 h5 10. Nb3 Be6 11. Be2 Ne5 12. Nd4 Bc4 13. Rg1 Rc8 14. g4
Bxe2 15. Qxe2 Nc4 16. gxh5 Nxh5 17. Nd1 Nxe3 18. Qxe3 e5 19. Nb3 Qxh4+ 20.
Kd2 Bh6 21. Qxh6 Qh2+ 22. Kd3 Nf4+ 23. Qxf4 Qxc2+ 24. Ke3 exf4+ 25. Kxf4
Qh2+ { White resigns } 0-1

[Event "ICC tourney 2398 (75 10)"]
[Site "Internet Chess Club"]
[Date "2021.02.20"]
[Round "2"]
[White "hpawnbomb"]
[Black "GeorgeDai"]
[Result "1-0"]
[ICCResult "Black checkmated"]
[WhiteElo "2188"]
[BlackElo "2078"]
[Opening "Caro-Kann: two knights, 3...Bg4"]
[ECO "B10"]
[NIC "CK.01"]
[Time "14:31:18"]
[PlyCount "55"]
[TimeControl "4500+10"]

1. e4 c6 2. Nf3 d5 3. Nc3 Bg4 4. h3 Bxf3 5. Qxf3 dxe4 6. Nxe4 e5 7. Bc4 Qe7
8. d3 f6 9. O-O Nd7 10. Be3 g6 11. Rae1 Bg7 12. Qd1 O-O-O 13. Qd2 g5 14.
Qa5 a6 15. Qa4 Kc7 16. b4 g4 17. Qa5+ Kb8 18. hxg4 h5 19. g5 f5 20. Nc5
Nxc5 21. Bxc5 Qxg5 22. Qb6 Kc8 23. Be6+ Kb8 24. Qa7+ Kc7 25. Bb6+ Kd6 26.
Bxd8 Qxd8 27. Qxb7 Qg5 28. Qd7# { Black checkmated } 1-0

[Event "ICC tourney 2398 (75 10)"]
[Site "Internet Chess Club"]
[Date "2021.02.20"]
[Round "2"]
[White "HR2005"]
[Black "redhawk2020"]
[Result "1-0"]
[ICCResult "Black resigns"]
[WhiteElo "2060"]
[BlackElo "1954"]
[Opening "Sicilian: Pelikan, Chelyabinsk variation"]
[ECO "B33"]
[NIC "SI.37"]
[Time "14:31:18"]
[PlyCount "97"]
[TimeControl "4500+10"]

1. e4 c5 2. Nf3 Nc6 3. d4 cxd4 4. Nxd4 Nf6 5. Nc3 e5 6. Ndb5 d6 7. Bg5 a6
8. Na3 b5 9. Nd5 Be7 10. Bxf6 Bxf6 11. c3 O-O 12. h4 h6 13. g3 g6 14. Bg2
Bg7 15. O-O Be6 16. Nc2 Ne7 17. Nce3 Rb8 18. Qd3 Bxd5 19. Nxd5 Nxd5 20.
Qxd5 Rb6 21. Rfd1 Qc7 22. Rac1 Rc6 23. Bf3 Rd8 24. h5 Rc5 25. Qb3 Kh7 26.
Rd3 Rc4 27. Rcd1 Qe7 28. hxg6+ fxg6 29. Kg2 h5 30. Rh1 Bh6 31. Qd1 Qf6 32.
Be2 Rc7 33. Rf3 Qe6 34. a4 Rb7 35. axb5 axb5 36. Rd3 b4 37. g4 bxc3 38.
Rxc3 Rxb2 39. gxh5 Rd2 40. Rc7+ Kh8 41. Qc1 Rf8 42. Qxd2 Rxf2+ 43. Kxf2
Qf6+ 44. Kg2 Bxd2 45. hxg6+ Kg8 46. Bc4+ d5 47. Bxd5+ Kf8 48. Rc8+ Ke7 49.
Rh7+ { Black resigns } 1-0

[Event "ICC tourney 2398 (75 10)"]
[Site "Internet Chess Club"]
[Date "2021.02.20"]
[Round "2"]
[White "mr-sosa"]
[Black "atharvajaeel"]
[Result "0-1"]
[ICCResult "White resigns"]
[WhiteElo "2086"]
[BlackElo "2150"]
[Opening "QGD Slav defense: exchange variation"]
[ECO "D10"]
[NIC "SL.01"]
[Time "14:31:18"]
[PlyCount "94"]
[TimeControl "4500+10"]

1. d4 d5 2. c4 c6 3. cxd5 cxd5 4. Nc3 Nf6 5. Bf4 Nc6 6. e3 Bg4 7. Qb3 Na5
8. Bb5+ Bd7 9. Qa4 Nc6 10. Nf3 a6 11. Bxc6 Bxc6 12. Qb3 e6 13. O-O Nh5 14.
Bg5 Qc7 15. Rac1 Bd6 16. Na4 f6 17. Bh4 g5 18. Bg3 Nxg3 19. fxg3 Ke7 20.
Nb6 Rab8 21. e4 dxe4 22. d5 exf3 23. Qe3 Be5 24. dxc6 bxc6 25. Nc4 fxg2 26.
Rfe1 Rhd8 27. Qe4 Kf8 28. Nxe5 Qxe5 29. Qxh7 Qd4+ 30. Kxg2 Rxb2+ 31. Rc2
Rxc2+ 32. Qxc2 Qd2+ 33. Qxd2 Rxd2+ 34. Kh3 Ke7 35. Rc1 Kd6 36. Kg4 Rxh2 37.
a4 Rd2 38. Kh5 Rd4 39. Kg6 f5 40. Kxg5 Rxa4 41. Kf6 Rd4 42. Ra1 Rd3 43.
Rxa6 Rxg3 44. Ra8 Kd5 45. Rd8+ Ke4 46. Kxe6 f4 47. Kd6 Rd3+ { White resigns
} 0-1

[Event "ICC tourney 2398 (75 10)"]
[Site "Internet Chess Club"]
[Date "2021.02.20"]
[Round "2"]
[White "MARMAYOGI11"]
[Black "arsenicblast"]
[Result "1-0"]
[ICCResult "Black checkmated"]
[WhiteElo "2141"]
[BlackElo "1975"]
[Opening "Queen's bishop game"]
[ECO "D02"]
[NIC "QP.08"]
[Time "14:31:18"]
[PlyCount "141"]
[TimeControl "4500+10"]

1. d4 d5 2. Nf3 Nf6 3. Bf4 e6 4. e3 Bd6 5. Bg3 O-O 6. Nbd2 c5 7. c3 Qc7 8.
Ne5 Nbd7 9. f4 b6 10. Bd3 Bb7 11. Qf3 Rfe8 12. Bf2 g6 13. g4 Bf8 14. h4 Nb8
15. h5 Nc6 16. hxg6 fxg6 17. Qh3 Nxe5 18. fxe5 Ne4 19. Nf3 Qg7 20. Bh4 Be7
21. Bxe4 dxe4 22. Bf6 Bxf6 23. exf6 Qh8 24. Ne5 h5 25. f7+ Kg7 26. fxe8=Q
Rxe8 27. Rf1 Rf8 28. Rxf8 Qxf8 29. gxh5 g5 30. Qxe6 Qf6 31. h6+ Qxh6 32.
Qf7+ Kh8 33. Ng6+ Qxg6 34. Qxg6 Bc8 35. Kf2 Bh3 36. Kg3 g4 37. d5 c4 38. d6
b5 39. d7 b4 40. cxb4 c3 41. bxc3 a5 42. b5 a4 43. b6 a3 44. b7 Bf1 45. Kf4
g3 46. Rxf1 g2 47. Qxg2 Kh7 48. c4 Kh8 49. c5 Kh7 50. c6 Kh8 51. c7 Kh7 52.
Kxe4 Kh8 53. Kd4 Kh7 54. e4 Kh8 55. e5 Kh7 56. e6 Kh8 57. e7 Kh7 58. Kc4
Kh8 59. Kb4 Kh7 60. Kxa3 Kh8 61. Kb4 Kh7 62. a4 Kh8 63. a5 Kh7 64. a6 Kh8
65. a7 Kh7 66. a8=R Kh6 67. b8=N Kh7 68. c8=B Kh8 69. d8=B Kh7 70. e8=N Kh8
71. Rh1# { Black checkmated } 1-0

[Event "ICC tourney 2398 (75 10)"]
[Site "Internet Chess Club"]
[Date "2021.02.20"]
[Round "2"]
[White "SuperPuzzler"]
[Black "Laine23"]
[Result "1/2-1/2"]
[ICCResult "Game drawn by mutual agreement"]
[WhiteElo "2042"]
[BlackElo "1920"]
[Opening "Sicilian: Kan, Polugaievsky variation"]
[ECO "B42"]
[NIC "SI.42"]
[Time "14:31:15"]
[PlyCount "90"]
[TimeControl "4500+10"]

1. e4 c5 2. Nf3 e6 3. d4 cxd4 4. Nxd4 a6 5. Bd3 Bc5 6. Nb3 Ba7 7. Nc3 Nc6
8. O-O Nf6 9. Qe2 d6 10. Kh1 O-O 11. f4 d5 12. e5 Nd7 13. Qg4 b5 14. Ne2 g6
15. c3 Qe7 16. Nbd4 Bb7 17. Nxc6 Bxc6 18. Nd4 Bb7 19. Bd2 Nc5 20. Bc2 f5
21. exf6 Qxf6 22. Rf3 Rae8 23. Raf1 Ne4 24. Be3 Qe7 25. Bxe4 dxe4 26. R3f2
Rf6 27. Qe2 Ref8 28. Nc2 Bb8 29. Kg1 e5 30. fxe5 Qxe5 31. g3 Rxf2 32. Rxf2
Rxf2 33. Qxf2 Qd5 34. Qd2 Qxd2 35. Bxd2 Kf7 36. Kf2 Ke6 37. Be3 Bd5 38. Nb4
a5 39. Nxd5 Kxd5 40. Bf4 Ba7+ 41. Be3 Bb8 42. Bf4 Bxf4 43. gxf4 a4 44. Ke3
h6 45. h4 h5 { Game drawn by mutual agreement } 1/2-1/2

[Event "ICC tourney 2398 (75 10)"]
[Site "Internet Chess Club"]
[Date "2021.02.20"]
[Round "2"]
[White "Yucheng"]
[Black "drberkley"]
[Result "1-0"]
[ICCResult "Black resigns"]
[WhiteElo "1926"]
[BlackElo "1955"]
[Opening "King's Indian: Averbakh, 6...c5"]
[ECO "E74"]
[NIC "KI.25"]
[Time "14:31:17"]
[PlyCount "83"]
[TimeControl "4500+10"]

1. d4 Nf6 2. c4 g6 3. Nc3 Bg7 4. e4 d6 5. Be2 O-O 6. Bg5 c5 7. d5 a6 8. Qd2
Re8 9. Nf3 Bg4 10. O-O Bxf3 11. Bxf3 Nbd7 12. Be2 b5 13. cxb5 axb5 14. Bxb5
Rb8 15. a4 Rf8 16. Rfe1 Qc7 17. Bf1 Rb4 18. f3 Ra8 19. Bb5 Nb6 20. Na2 Rd4
21. Qc2 Nfd7 22. Be3 Nxa4 23. Bxd4 Bxd4+ 24. Kh1 Nab6 25. Nb4 Rxa1 26. Rxa1
Ne5 27. Qc1 Kg7 28. Nc2 Bf2 29. f4 Ned7 30. g3 c4 31. Qd2 Bc5 32. Qc3+ Nf6
33. Bxc4 Kg8 34. Bd3 Qb7 35. Qb3 Qd7 36. Kg2 Qg4 37. Qb5 Nh5 38. Rf1 Nxf4+
39. Rxf4 Qd1 40. Qe8+ Kg7 41. Qxf7+ Kh6 42. Rh4+ { Black resigns } 1-0